 Dungeon Crawl Stone Soup version 0.28.0 (webtiles) character file.

Game seed: 10022242174390425018

39 Aksej the Skirmisher (level 3, -5/29 HPs)
             Began as a Demonspawn Monk on Feb 12, 2022.
             Slain by a worm (9 damage)
             ... on level 2 of the Dungeon.
             The game lasted 00:03:41 (1256 turns).

Aksej the Skirmisher (Demonspawn Monk)              Turns: 1256, Time: 00:03:41

Health: -5/29      AC:  3    Str: 11    XL:     3   Next: 28%
Magic:  3/3        EV: 13    Int: 11    God:
Gold:   72         SH:  6    Dex: 17    Spells: 2/2 levels left

rFire   . . .      SeeInvis .   a - +1 falchion
rCold   . . .      Faith    .   (no shield)
rNeg    . . .      Spirit   .   b - +1 robe
rPois   .          Reflect  .   (no helmet)
rElec   .          Harm     .   (no cloak)
rCorr   .          Rampage  .   (no gloves)
Will    .....                   (no boots)
Stlth   ++........              (no amulet)
HPRegen 0.09/turn               (no ring)
MPRegen 0.08/turn               (no ring)

@: no status effects
A: large bone plates 2
a: no special abilities


You were on level 2 of the Dungeon.
You visited 1 branch of the dungeon, and saw 2 of its levels.

You collected 72 gold pieces.

Inventory:

Hand Weapons
 a - a +1 falchion (weapon)
Armour
 b - a +1 robe (worn)
Potions
 c - a potion of ambrosia
 d - 2 potions of curing {unknown}
 f - a potion of degeneration {unknown}


   Skills:
 * Level 3.3 Fighting
 + Level 3.3 Long Blades
 * Level 3.1 Dodging
 + Level 1.9 Stealth


You had 2 spell levels left.
You didn't know any spells.
Your spell library was empty.

Dungeon Overview and Level Annotations

Branches:
Dungeon (2/15)

Altars:


Innate Abilities, Weirdness & Mutations

You are mostly covered in large bone plates. (SH +6)


Message History

You hit the quokka.
The quokka is moderately wounded.
The quokka bites you but does no damage.
You hit the quokka but do no damage.
The quokka is moderately wounded.
The quokka misses you.
You slash the quokka!
You kill the quokka!
No target in view!
HP restored.
Items here: ( )) ††.
There is a stone staircase leading up here.
A dart slug comes into view.
A dart slug is nearby!
The helpless dart slug fails to defend itself.
You slash the dart slug!
The dart slug is severely wounded.
The dart slug launches a dart at you. The slug dart misses you.
You hit the dart slug.
You kill the dart slug!
A worm comes into view.
You barely miss the worm. The worm bites you!
You hit the worm.
The worm is moderately wounded.
You hit the worm but do no damage.
The worm is moderately wounded.
The worm bites you!
You are too injured to fight recklessly!
You are too injured to fight recklessly!
You slash the worm!
The worm is severely wounded.
You barely miss the worm.
The worm is severely wounded.
The worm bites you.
* * * LOW HITPOINT WARNING * * *
You hit the worm.
The worm is severely wounded.
The worm bites you!
You die...

................
#######......##.
####............#
.#
#....##............
..#.
#...####..####. ...
#.### .## #.##.# .#
#....### .#
###@...# #w.......
..####.## ...# ..
...## . ...# ....
.....


You could see a worm.

Vanquished Creatures
  A dart slug (D:2)
  3 bats (D:1)
  2 endoplasms (D:1)
  5 goblins
  3 hobgoblins
  9 jackals (D:1)
  4 quokkas
  2 ball pythons (D:1)
  A frilled lizard (D:1)
  A kobold (D:2)
  2 rats (D:1)
33 creatures vanquished.

Vanquished Creatures (others)
  14 plants (D:1)
14 creatures vanquished.

Grand Total: 47 creatures vanquished

Notes
Turn   | Place    | Note
-------+----------+-------------------------------------------
     0 | D:1      | Aksej the Demonspawn Monk began the quest for the Orb.
     0 | D:1      | Reached XP level 1. HP: 18/18 MP: 1/1
   252 | D:1      | Gained mutation: You are partially covered in large bone
                  | plates. (SH +4) [demonic ancestry]
   252 | D:1      | Reached XP level 2. HP: 11/24 MP: 2/2
   955 | D:1      | Gained mutation: You are mostly covered in large bone
                  | plates. (SH +6) [demonic ancestry]
   955 | D:1      | Reached XP level 3. HP: 24/29 MP: 3/3
  1256 | D:2      | Slain by a worm

Illustrated notes

Levels and vault maps discovered:
D:1:      roderic_crop_circles_arrival_small, layout_rooms, minmay_pentomino_o2
D:2:      layout_rooms, hellmonk_ecumenical_altar_pennies_from_heaven

Skill      XL: |  1  2 |
---------------+-------+-----
Long Blades    | 3 |  3.3
Dodging        | 3 |  3.1
Fighting       | |  3.3
Stealth        | |  1.9

Action                   || total
-------------------------++-------
Melee: Falchion          ||   119
       Punch             ||     2
  Use: Scroll            ||     4
 Stab: Sleeping          ||     4
Armor: Robe              ||    27
Dodge: Dodged            ||    81
Block: Other             ||    17
